 Dungeon Crawl Stone Soup version 0.31-a0-149-g3fdcc5976a (webtiles) character file.

Game seed: 14093609444378922724

58 qw the Shooter (level 3, 0/27 HPs)
             Began as a Minotaur Hunter on June 7, 2023.
             Slain by Sigmund
             ... wielding a +0 scythe
              (9 damage)
             ... on level 2 of the Dungeon.
             The game lasted 00:00:28 (670 turns).

qw the Shooter (Minotaur Hunter)                     Turns: 670, Time: 00:00:28

Health: 0/27       AC:  5    Str: 14    XL:     3   Next: 76%
Magic:  2/2        EV: 12    Int:  5    God:
Gold:   48         SH:  0    Dex: 19    Spells: 2/2 levels left

rFire   + . .        Y - +0 shortbow
rCold   . . .        (shield currently unavailable)
rNeg    . . .        c - +0 leather armour
rPois   .            (helmet restricted)
rElec   .            (no cloak)
rCorr   .            (no gloves)
SInv    .            (no boots)
Will    .....        (no amulet)
Stlth   ++           (no ring)
HPRegen 0.24/turn    (no ring)
MPRegen 0.08/turn

%: no passive effects
@: no status effects
A: horns 2, retaliatory headbutt, iridescent scales 1, agile 1, fire resistance
1, frail 1, teleportitis 1, MP-powered wands
a: no special abilities


You were on level 2 of the Dungeon.
You visited 1 branch of the dungeon, and saw 2 of its levels.

You collected 48 gold pieces.


Innate Abilities, Weirdness & Mutations

You have a pair of horns on your head.
You reflexively headbutt those who attack you in melee.
You are partially covered in iridescent scales. (AC +2)
You are agile. (Dex +4, Str/Int -1)
Your flesh is heat resistant. (rF+)
You are frail. (-10% HP)
You are occasionally teleported next to monsters.
You expend magic power (3 MP) to strengthen your wands.


   Skills:
 - Level 3.0 Fighting
 + Level 5.8 Ranged Weapons
 - Level 2.1 Dodging
 - Level 0.7 Stealth


You had 2 spell levels left.
You didn't know any spells.
Your spell library was empty.

Inventory:

Hand Weapons
 Y - a +0 shortbow (weapon)
Armour
 a - a +0 ring mail
 c - a +0 leather armour (worn)
Scrolls
 f - a scroll of identify
Potions
 b - a potion of might {unknown}
 i - a potion of heal wounds

Dungeon Overview and Level Annotations

Branches:
Dungeon (2/15)

Altars:
Qazlal

Shops:
D:1 [

Annotations:
D:2 Sigmund


Message History

You are yanked towards a nearby monster!
Your surroundings suddenly seem different.
Sigmund the Dreaded comes into view.
He is wielding a +0 scythe and carrying a wand of polymorph (9).
Found a mace.
Enter note:
Enter note:
Enter note: You shoot an arrow.
The arrow hits Sigmund.
Sigmund shouts!
Sigmund is lightly wounded.
You shoot an arrow. The arrow completely misses Sigmund.
Sigmund hits you from afar with a +0 scythe.
You shoot an arrow. The arrow closely misses Sigmund.
Sigmund hits you from afar with a +0 scythe.
You shoot an arrow. The arrow closely misses Sigmund.
Sigmund hits you from afar with a +0 scythe.
You shoot an arrow. The arrow barely misses Sigmund.
You shoot an arrow. The arrow closely misses Sigmund.
Sigmund casts a spell.
Sigmund flickers and vanishes!
Deactivating autopickup; reactivate with Ctrl-A.
Something hits you.
You shoot an arrow. You shoot an arrow.
A magic dart appears from out of thin air!
The magic dart hits you.
You shoot an arrow.
You hear a zap.
Something tries to affect you, but you resist.
You shoot an arrow. Something hits you.
You shoot an arrow. Something hits you.
You shoot an arrow.
You hear some strange, mumbled words.
A puff of flame appears from out of thin air!
The puff of flame misses you.
You shoot an arrow. Something hits you!
You die...

#.. .>.
..## ...
... ... ...
.. #.##
..### ..#
#.....#.#
#..@#
#..........
#.{....)...
#..........
###########


There were no monsters in sight!

Vanquished Creatures
  An adder (D:2)
  A dart slug (D:2)
  7 ball pythons
  4 endoplasms (D:1)
  3 giant cockroaches (D:1)
  6 goblins (D:1)
  3 hobgoblins (D:1)
  4 jackals (D:2)
  A kobold (D:1)
  A quokka (D:2)
  6 bats (D:1)
  A frilled lizard (D:2)
  5 rats (D:1)
43 creatures vanquished.

Notes
Turn   | Place    | Note
-------+----------+-------------------------------------------
     0 | D:1      | qw the Minotaur Hunter began the quest for the Orb.
     0 | D:1      | Reached XP level 1. HP: 18/18 MP: 0/0
     0 | D:1      | 0 ||| qw: Version: 0.2-a-117-gc6b5c8b
     0 | D:1      | 0 ||| qw: Game counter: 2690
     0 | D:1      | 0 ||| qw: Always use a shield: true
     0 | D:1      | 0 ||| qw: God list: Okawaru
     0 | D:1      | 0 ||| qw: Allow faded altars: false
     0 | D:1      | 0 ||| qw: Do Orc after D:15 true
     0 | D:1      | 0 ||| qw: Do second Lair branch before Depths: true
     0 | D:1      | 0 ||| qw: Lair rune preference: random
     0 | D:1      | 0 ||| qw: Plans: Normal
     0 | D:1      | 0 ||| PLANNING D:1-11
    68 | D:1      | Reached XP level 2. HP: 25/25 MP: 1/1
    71 | D:1      | Reached skill level 5 in Ranged Weapons
   227 | D:1      | Reached skill level 3 in Fighting
   329 | D:1      | Reached XP level 3. HP: 31/31 MP: 2/2
   394 | D:1      | Found Ujerch's Antique Armour Shoppe.
   398 | D:1      | 398 ||| SHOPLISTING ring mail (116 gold, have 38).
   481 | D:1      | 481 ||| READING scroll labelled GOOXEY ONNU.
   482 | D:1      | 482 ||| READING 2 scrolls labelled POLEUWN HUUPSA.
   483 | D:1      | 483 ||| READING scroll labelled ITAAPR YPHUS.
   484 | D:1      | 484 ||| READING scroll labelled COAGHE JUXAMMO.
   485 | D:1      | 485 ||| DRINKING 4 fuming green potions.
   485 | D:1      | Gained mutation: You have a pair of large horns on your
                  | head. [potion of mutation]
   485 | D:1      | Gained mutation: You do not regenerate when monsters are
                  | visible. [potion of mutation]
   485 | D:1      | Gained mutation: You are clumsy. (Dex -2) [potion of
                  | mutation]
   485 | D:1      | Gained mutation: You possess an exceptional clarity of
                  | mind. [potion of mutation]
   486 | D:1      | 486 ||| DRINKING 3 potions of mutation.
   486 | D:1      | Lost mutation: You are clumsy. (Dex -2) [potion of
                  | mutation]
   486 | D:1      | Lost mutation: You have a pair of large horns on your head.
                  | [potion of mutation]
   486 | D:1      | Gained mutation: Your magical capacity is low. (-10% MP)
                  | [potion of mutation]
   486 | D:1      | Gained mutation: You are clumsy. (Dex -2) [potion of
                  | mutation]
   486 | D:1      | Gained mutation: You are partially covered in iridescent
                  | scales. (AC +2) [potion of mutation]
   486 | D:1      | Gained mutation: Your spells are a little harder to cast,
                  | but a little more powerful. [potion of mutation]
   487 | D:1      | 487 ||| DRINKING 2 potions of mutation.
   487 | D:1      | Lost mutation: Your spells are a little harder to cast, but
                  | a little more powerful. [potion of mutation]
   487 | D:1      | Lost mutation: You are clumsy. (Dex -2) [potion of
                  | mutation]
   487 | D:1      | Lost mutation: You possess an exceptional clarity of mind.
                  | [potion of mutation]
   487 | D:1      | Gained mutation: You are strong-willed. (Will+) [potion of
                  | mutation]
   487 | D:1      | Gained mutation: You are frail. (-10% HP) [potion of
                  | mutation]
   487 | D:1      | Gained mutation: You are agile. (Dex +4, Str/Int -1)
                  | [potion of mutation]
   488 | D:1      | 488 ||| DRINKING potion of mutation.
   488 | D:1      | Lost mutation: You are strong-willed. (Will+) [potion of
                  | mutation]
   488 | D:1      | Lost mutation: Your magical capacity is low. (-10% MP)
                  | [potion of mutation]
   488 | D:1      | Lost mutation: You do not regenerate when monsters are
                  | visible. [potion of mutation]
   488 | D:1      | Gained mutation: You are occasionally teleported next to
                  | monsters. [potion of mutation]
   488 | D:1      | Gained mutation: Your flesh is heat resistant. (rF+)
                  | [potion of mutation]
   488 | D:1      | Gained mutation: You expend magic power (3 MP) to
                  | strengthen your wands. [potion of mutation]
   501 | D:1      | 501 ||| DRINKING 2 white potions.
   502 | D:1      | 502 ||| DROPPING scroll of butterflies.
   512 | D:2      | Found a stormy altar of Qazlal.
   515 | D:2      | 515 ||| STAIRDANCE
   570 | D:2      | Found a faded altar of an unknown god.
   657 | D:2      | Noticed Sigmund
   670 | D:2      | Slain by Sigmund

Levels and vault maps discovered:
D:1:      enne_arrival_octagon_isle, layout_rooms, serial_shops,
          nicolae_shop_back_alley_shop
D:2:      layout_rooms, basic_altar, nicolae_ecumenical_snake_handling,
          serial_bayou_lake_a, uniq_sigmund

Skill      XL: |  1  2 |
---------------+-------+-----
Ranged Weapons | 5 |  5.8
Fighting       | 3 |  3.0
Dodging        | |  2.1
Stealth        | |  0.7

Action                     || total
---------------------------++-------
   Fire: Shortbow          ||   127
    Use: Potion            ||     5
         Scroll            ||     4
 Armour: Leather armour    ||    11
  Dodge: Dodged            ||    38

Table legend:
 A = Non-vault XP
 B = Vault XP
 C = Vault XP percentage of total XP
 D = Non-vault monster count
 E = Vault monster count
 F = Vault count percentage of total count
                 A         B        C        D         E       F
            +---------+---------+-------+---------+---------+-------
      Total |      65 |      19 |  22.6 |      39 |       4 |   9.3
            +---------+---------+-------+---------+---------+-------
        D:1 |      49 |       0 |   0.0 |      31 |       0 |   0.0
        D:2 |      16 |      19 |  54.3 |       8 |       4 |  33.3
            +---------+---------+-------+---------+---------+-------
